 Dungeon Crawl Stone Soup version 0.20-a0-465-g6513c8f (webtiles) character file.

179 dobroeutro the Cudgeler (level 5, -5/32 HPs)
             Began as a Gargoyle Fighter on Jan 12, 2017.
             Slain by Grinder (7 damage)
             ... on level 3 of the Dungeon.
             The game lasted 00:02:53 (2387 turns).

dobroeutro the Cudgeler (Gargoyle Fighter)          Turns: 2387, Time: 00:02:54

Health: -5/32      AC: 10    Str: 25    XL:     5   Next: 59%
Magic:  5/5        EV:  7    Int: 12    God:
Gold:   97         SH: 11    Dex:  9    Spells: 4/4 levels left

rFire  . . .     SeeInvis .     a - +0 flail
rCold  . . .     Gourm    .     b - +0 scale mail
rNeg   + . .     Faith    .     c - +0 shield
rPois  ∞         Spirit   .     (no helmet)
rElec  +         Reflect  +     (no cloak)
rCorr  .         Harm     .     (no gloves)
MR     .....                    (no boots)
Stlth  ..........               l - +2 amulet of reflection
                                (no ring)
                                s - +3 ring of intelligence

@: mighty
A: negative energy resistance 1, electricity resistance, unbreathing,
petrification resistance, rot immunity, AC +4
a: no special abilities


You were on level 3 of the Dungeon.
You were not hungry.

You visited 1 branch of the dungeon, and saw 3 of its levels.

You collected 97 gold pieces.

Inventory:

Hand Weapons
 a - a +0 flail (weapon)
 t - a +2 short sword of flaming
Armour
 b - a +0 scale mail (worn)
 c - a +0 shield (worn)
Jewellery
 l - a +2 amulet of reflection (around neck)
 s - a +3 ring of intelligence (left hand)
Scrolls
 e - 3 scrolls of immolation {unknown}
 g - 3 scrolls of recharging {unknown}
 i - 6 scrolls of identify {unknown}
 j - 3 scrolls of enchant armour {unknown}
 m - 2 scrolls of random uselessness {unknown}
 n - 2 scrolls of teleportation {unknown}
 o - a scroll of fog {unknown}
 p - a scroll of amnesia {unknown}
 w - a scroll of fear {unknown}
Potions
 h - 2 potions of flight {unknown}
 r - 2 potions of brilliance {unknown}
 u - 3 potions of heal wounds {unknown}
Comestibles
 f - 3 bread rations
 k - 3 meat rations
 q - a slice of pizza
 v - a beef jerky


   Skills:
 - Level 3.2 Fighting
 + Level 5.6 Maces & Flails
 - Level 3.2 Armour
 - Level 3.2 Shields


You had 4 spell levels left.
You didn't know any spells.

Dungeon Overview and Level Annotations

Branches:
Dungeon (3/15)

Altars:
Makhleb
Qazlal
Trog
Xom

Annotations:
D:3 Grinder


Innate Abilities, Weirdness & Mutations

You are resistant to torment.
Your stone body is resilient. (AC +4)
You are immune to poison.
You resist negative energy. (rN+)
You are resistant to electric shocks. (rElec)
You can survive without breathing.
You are immune to petrification.
You are immune to rotting.


Message History

Grinder is severely wounded.
Grinder gestures at you. Pain shoots through your body!
* * * LOW HITPOINT WARNING * * *
Your shield prevents you from hitting Grinder.
Grinder is severely wounded.
You block Grinder's attack. Grinder hits you.
* * * LOW HITPOINT WARNING * * *
Your shield prevents you from hitting Grinder.
Grinder is severely wounded.
Grinder barely misses you.
You closely miss Grinder.
Grinder is severely wounded.
Grinder hits you.
* * * LOW HITPOINT WARNING * * *
You writhe in agony.
* * * LOW HITPOINT WARNING * * *
You feel very mighty all of a sudden. Grinder hits you!
You die...

###############
######.............#
#.5@...###########.#
##.######### #[#
#.!......... ######.#
#..########.#........
#..# #.####... #.5#
#. #..# #..# ##.
##..# #..# #... #...#
#.[# ..... ......


You could see Grinder.

Vanquished Creatures
  A scorpion (D:3)
  Jessica (D:3)
  2 adders
  A howler monkey skeleton (D:3)
  An ooze (D:2)
  2 worms (D:2)
  A dart slug (D:1)
  4 leopard geckos
  An orc (D:3)
  5 bats
  A giant cockroach (D:1)
  6 goblins
  7 hobgoblins
  3 jackals (D:1)
  9 kobolds
  4 frilled lizards
  13 rats
62 creatures vanquished.

Notes
Turn   | Place    | Note
-------+----------+-------------------------------------------
     0 | D:1      | dobroeutro the Gargoyle Fighter began the quest for the Orb.
     0 | D:1      | Reached XP level 1. HP: 14/14 MP: 1/1
   349 | D:1      | Reached XP level 2. HP: 17/19 MP: 2/2
   373 | D:1      | Reached skill level 3 in Maces & Flails
   726 | D:1      | Reached XP level 3. HP: 23/23 MP: 3/3
   991 | D:2      | Found a bloodstained altar of Trog.
  1017 | D:2      | Found a burning altar of Makhleb.
  1017 | D:2      | Found a shimmering altar of Xom.
  1190 | D:2      | Reached skill level 4 in Maces & Flails
  1298 | D:2      | Reached XP level 4. HP: 28/28 MP: 4/4
  1309 | D:2      | Found a stormy altar of Qazlal.
  2024 | D:3      | Reached skill level 5 in Maces & Flails
  2024 | D:3      | Reached XP level 5. HP: 16/32 MP: 5/5
  2332 | D:3      | Noticed Jessica
  2335 | D:3      | Killed Jessica
  2355 | D:3      | Noticed Grinder
  2368 | D:3      | Paralysed by Grinder for 2 turns
  2378 | D:3      | Paralysed by Grinder for 2 turns
  2387 | D:3      | Slain by Grinder

Vault maps used:
D:1:      lightli_arrival_farm, minmay_pentomino_t4
D:2:      gammafunk_temple_overflow_pools, bloody_trog, first_bread,
          grunt_qazlal_clouds
D:3:      uniq_jessica, uniq_grinder

Skill      XL: |  1  2  3  4 |
---------------+-------------+-----
Maces & Flails | 3 4 5 |  5.6
Fighting       | |  3.2
Armour         | |  3.2
Shields        | |  3.2

Action                   |  1- 3 |  4- 6 || total
-------------------------+-------+-------++-------
Melee: Flail             |   127 |    19 ||   146
       Short sword       |       |    87 ||    87
  Use: Potion            |       |     1 ||     1
  Eat: Chunk             |     1 |       ||     1
       Meat ration       |       |     1 ||     1
Armor: Scale mail        |    73 |    52 ||   125
Dodge: Dodged            |    56 |    31 ||    87
Block: Shield            |    99 |    74 ||   173
